 Dungeon Crawl Stone Soup version 0.29.0-13-gc9e81de378 (webtiles) character file.

Game seed: 17134849360917382833

10 SnakkuSnakku7 the Firebug (level 2, 15/19 HPs)
             Began as a Demonspawn Fire Elementalist on Sept 9, 2022.
             Got out of the dungeon alive.
             The game lasted 00:00:45 (520 turns).

SnakkuSnakku7 the Firebug (DsFE)                     Turns: 520, Time: 00:00:46

Health: 15/19      AC:  2    Str:  8    XL:     2   Next: 10%
Magic:  5/5        EV: 12    Int: 16    God:
Gold:   24         SH:  0    Dex: 13    Spells: 4/5 levels left

rFire   . . .      SeeInvis .   e - staff of earth
rCold   . . .      Faith    .   (no shield)
rNeg    . . .      Spirit   .   a - +0 robe
rPois   .          Reflect  .   (no helmet)
rElec   .          Harm     .   (no cloak)
rCorr   .          Rampage  .   (no gloves)
Will    .....                   (no boots)
Stlth   ++........              (no amulet)
HPRegen 0.06/turn               (no ring)
MPRegen 0.09/turn               (no ring)

@: no status effects
A: demonic guardian 1
a: no special abilities


You escaped.
You visited 1 branch of the dungeon, and saw 1 of its levels.

You collected 24 gold pieces.

Inventory:

Armour
 a - a +0 robe (worn)
 c - a +0 tower shield
Magical Staves
 e - a staff of earth (weapon)
Scrolls
 d - a scroll of identify {unknown}
 g - a scroll of immolation {unknown}
 h - a scroll of teleportation {unknown}
Potions
 b - a potion of magic
 f - a potion of curing {unknown}


   Skills:
 - Level 1.7 Dodging
 - Level 1.7 Stealth
 - Level 2.0 Spellcasting
 + Level 1.6 Conjurations
 + Level 3.0 Fire Magic


You had 4 spell levels left.
You knew the following spells:

 Your Spells              Type           Power      Damage    Failure   Level
a - Foxfire               Conj/Fire      36%        2x1d5     8%          1

Your spell library contained the following spells:

 Spells                   Type           Power      Damage    Failure   Level
 Scorch                   Fire           22%        2d6       9%          2
 Conjure Flame            Conj/Fire      9%         6-21      24%         3
 Inner Flame              Hex/Fire       6%         N/A       32%         3
 Ignite Poison            Fire/Tmut/Pois 4%         N/A       38%         3
 Flame Wave               Conj/Fire      9%         2d6       61%         4
 Sticky Flame             Conj/Fire      9%         2d3       61%         4


Dungeon Overview and Level Annotations

Branches:
Dungeon (1/15)

Altars:


Innate Abilities, Weirdness & Mutations

A weak demonic guardian rushes to your aid.


Message History

The dart slug bites you.
You hit the dart slug.
The dart slug is moderately wounded.
You hit the dart slug.
The dart slug is heavily wounded.
The dart slug bites you.
You hit the dart slug.
The dart slug is almost dead.
The dart slug launches a dart at you. The slug dart misses you.
You hit the dart slug but do no damage.
The dart slug is almost dead.
The dart slug misses you.
You hit the dart slug but do no damage.
The dart slug is almost dead.
The dart slug closely misses you.
You hit the dart slug but do no damage.
The dart slug is almost dead.
The dart slug launches a dart at you. The slug dart hits you.
You hit the dart slug.
The dart slug is almost dead.
The dart slug bites you.
You hit the dart slug.
You kill the dart slug!
You have reached level 2!
Your demonic ancestry asserts itself...
You feel the presence of a demonic guardian.
You see here a dart slug corpse.
You see here a dart slug corpse.
You open the door.
There is an open door here.
There is an open door here.
There is an open door here.
There is a staircase leading out of the dungeon here.
Are you sure you want to leave the Dungeon?
This will make you lose the game!
Alright, then stay!
Okay, then.
Are you sure you want to leave the Dungeon?
This will make you lose the game!
You have escaped!

#.##########
#..........#
#..≈≈≈≈..8.#
#.......(..#
#####.######
####'#####
#........#
#........#
#......@.#
#........#
#........#
##########


There were no monsters in sight!

Vanquished Creatures
  A dart slug (D:1)
  A goblin (D:1)
  A quokka (D:1)
  3 bats (D:1)
  A frilled lizard (D:1)
  2 rats (D:1)
9 creatures vanquished.

Vanquished Creatures (others)
  15 foxfires (D:1)
15 creatures vanquished.

Grand Total: 24 creatures vanquished

Notes
Turn   | Place    | Note
-------+----------+-------------------------------------------
     0 | D:1      | SnakkuSnakku7 the Demonspawn Fire Elementalist began the
                  | quest for the Orb.
     0 | D:1      | Reached XP level 1. HP: 13/13 MP: 3/3
   304 | D:1      | Reached skill level 3 in Fire Magic
   422 | D:1      | Gained mutation: A weak demonic guardian rushes to your
                  | aid. [demonic ancestry]
   422 | D:1      | Reached XP level 2. HP: 10/19 MP: 5/5
   520 | D:$      | Got out of the dungeon alive.

Illustrated notes

Levels and vault maps discovered:
D:1:      dpeg_arrival_rooms_c, layout_loops_corners,
          shapermc_ecumenical_altar_petra

Skill      XL: |  1 |
---------------+----+-----
Fire Magic     | 3 |  3.0
Dodging        | |  1.7
Stealth        | |  1.7
Spellcasting   | |  2.0
Conjurations   | |  1.6

Action                   || total
-------------------------++-------
Melee: Staff             ||    10
       Punch             ||     1
 Cast: Foxfire           ||    10
Armor: Robe              ||     3
Dodge: Dodged            ||    11
